 Dungeon Crawl Stone Soup version 0.19.5 (webtiles) character file.

6585 Peloso the Carver (level 10, -14/88 HPs)
             Began as a Minotaur Fighter on Apr 22, 2017.
             Was an Elder of Okawaru.
             Demolished by a hill giant
             ... wielding a +0 giant club
              (16 damage)
             ... on level 10 of the Dungeon.
             The game lasted 00:23:56 (8894 turns).

Peloso the Carver (Minotaur Fighter)                Turns: 8894, Time: 00:23:56

Health: -14/88     AC: 15    Str: 22    XL:     10   Next: 71%
Magic:  9/9        EV:  6    Int:  7    God:    Okawaru [****..]
Gold:   571        SH: 12    Dex: 12    Spells: 0 memorised, 9 levels left

rFire  . . .     SeeInvis .     i - +5 scimitar
rCold  . . .     Gourm    .     u - +0 plate armour
rNeg   . . .     Faith    .     c - +0 shield
rPois  .         Spirit   .     (helmet restricted)
rElec  .         Reflect  .     L - +0 cloak {MR+}
rCorr  .         Harm     .     (no gloves)
MR     ++...                    e - -1 pair of boots (curse)
Stlth  ..........               (no amulet)
                                d - ring of protection from magic
                                w - ring of flight

@: drained
A: retaliatory headbutt, horns 2, clever 1
a: Heroism, Renounce Religion, Evoke Flight


You were on level 10 of the Dungeon.
You worshipped Okawaru.
Okawaru was greatly pleased with you.
You were not hungry.

You visited 2 branches of the dungeon, and saw 11 of its levels.

You collected 619 gold pieces.
You spent 48 gold pieces at shops.

Inventory:

Hand Weapons
 i - a +5 scimitar (weapon)
 G - a +2 whip of flaming
 Q - a +1 long sword of slicing
Armour
 c - a +0 shield (worn)
 e - a cursed -1 pair of boots (worn)
 u - a +0 plate armour (worn)
 v - a +1 cloak
 L - a +0 cloak of magic resistance (worn)
Jewellery
 a - an uncursed ring of fire
 b - an uncursed ring of fire
 d - a ring of protection from magic (right hand)
 o - an uncursed ring of ice
 w - a ring of flight (left hand)
Wands
 r - a wand of teleportation (9/9)
 D - a wand of paralysis (11/24)
 J - a wand of acid (10/15)
 M - a wand of flame (26/48)
 N - a wand of confusion (37/48)
Scrolls
 g - a scroll of fear {unknown}
 j - a scroll of fog {unknown}
 l - 5 scrolls of recharging
 n - 4 scrolls of remove curse
 q - 8 scrolls of teleportation {unknown}
 y - 2 scrolls of immolation {unknown}
 A - 2 scrolls of identify
 B - a scroll of enchant armour {unknown}
 H - 3 scrolls of random uselessness {unknown}
 K - 4 scrolls of magic mapping {unknown}
 R - a scroll of amnesia {unknown}
Potions
 p - 3 potions of cure mutation
 s - a potion of ambrosia
 t - 3 potions of brilliance
 x - 4 potions of curing
 z - 2 potions of haste
 E - a potion of agility
 F - 2 potions of berserk rage
 I - a potion of flight
 P - 2 potions of mutation {unknown}
Books
 O - a book of Air

   Spells                             Type                      Level
   a - Shock                          Conjuration/Air              1
   b - Swiftness                      Charms/Air                   2
   c - Repel Missiles                 Charms/Air                   2
   d - Static Discharge               Conjuration/Air              3
   e - Lightning Bolt                 Conjuration/Air              5
Comestibles
 f - 10 bread rations
 h - 4 meat rations
 k - 8 slices of pizza
 m - 16 fruits
 C - 3 beef jerkies
 S - 4 chunks of flesh


   Skills:
 + Level 8.3(7.5) Fighting
 + Level 12.0(11.1) Long Blades
 + Level 9.0(8.2) Armour
 + Level 2.1(1.4) Dodging
 + Level 0.6(0.0) Stealth
 + Level 11.0(10.2) Shields


You had 9 spell levels left.
You didn't know any spells.

Dungeon Overview and Level Annotations

Branches:
Dungeon (10/15)            Temple (1/1) D:6            Lair (0/6) D:8
    Orc: D:9-12

Altars:
Ashenzari
Elyvilon
Gozag
Hepliaklqana
Kikubaaqudgha
Makhleb
Nemelex Xobeh
Okawaru
Qazlal
Ru
Sif Muna
Uskayaw
Yredelemnul
Zin

Shops:
D:5 *(:[=   D:8 ?

Annotations:
D:10 Nergalle


Innate Abilities, Weirdness & Mutations

You reflexively headbutt those who attack you in melee.
You have a pair of horns on your head.
Your mind is acute. (Int +2)


Message History

Your shield and plate armour prevent you from hitting the spectral orc warrior.
You headbutt the spectral orc warrior, but do no damage.
The spectral orc warrior is moderately damaged.
You block the spectral orc knight's attack.
The hill giant barely misses you.
You hit the spectral orc warrior.
You headbutt the spectral orc warrior, but do no damage.
The spectral orc warrior is moderately damaged.
The spectral orc warrior hits you but does no damage.
The spectral orc knight hits you but does no damage.
Nergalle casts a spell at you.
The bolt of negative energy hits the spectral orc knight.
The spectral orc knight completely resists.
The bolt of negative energy hits you!
You feel drained.
* * * LOW HITPOINT WARNING * * *
The bolt of negative energy hits the spectral orc warrior.
The spectral orc warrior completely resists.
You block the spectral orc warrior's attack.
The hill giant hits you with a giant club!
You die...

#.....#.....#.....#
##.....#.....#.....#
#......#.....#....(#
+......#.....#...(.#
#......#.....#..(..#
#......#.....#.(...#
#....%.#######.(.[.#
##....ZC....+......#
#...oZ@Z...##.)...#
.............##.....#
...............#.....#
.........##...##.....#
.........##...##.....#
.....................#
....................#
...................#
###################


You could see a hill giant, Nergalle, 2 spectral orc warriors and a spectral orc
knight.

Vanquished Creatures
  Pikel (D:6)
  The ghost of Peloso the Slasher, a novice MiFi (D:6)
  A hippogriff (D:8)
  Sigmund (D:5)
  3 yaks
  3 hogs (D:9)
  2 hungry ghosts
  A human (D:9)
  Menkaure (D:7)
  2 slaves (D:6)
  4 orc warriors
  2 ice beasts (D:8)
  A black bear (D:6)
  An eye of draining (D:9)
  5 ogres
  5 centaurs
  2 crocodiles
  4 big kobolds
  4 bullfrogs
  3 scorpions
  A water moccasin skeleton (D:8)
  4 wights (D:8)
  4 crimson imps
  A quasit (D:8)
  A bullfrog zombie (D:8)
  A bullfrog skeleton (D:8)
  9 hounds
  2 jellies
  2 orc priests
  Crazy Yiuf (D:6)
  8 orc wizards
  2 iguanas
  3 worker ants
  Robin (D:4)
  4 gnolls (D:7)
  A howler monkey skeleton (D:6)
  11 adders
  3 river rats (D:8)
  An ooze (D:5)
  An adder skeleton (D:9)
  3 worms
  A dart slug (D:1)
  4 leopard geckos
  26 orcs
  3 ball pythons (D:1)
  15 bats
  9 giant cockroaches
  17 goblins
  17 hobgoblins
  13 jackals
  24 kobolds
  6 quokkas
  3 frilled lizards
  2 leopard gecko zombies
  2 quokka skeletons
  13 rats
266 creatures vanquished.

Vanquished Creatures (others)
  An orc wizard (D:5)
  4 fungi (D:8)
5 creatures vanquished.

Grand Total: 271 creatures vanquished

Notes
Turn   | Place    | Note
-------+----------+-------------------------------------------
     0 | D:1      | Peloso the Minotaur Fighter began the quest for the Orb.
     0 | D:1      | Reached XP level 1. HP: 19/19 MP: 0/0
    80 | D:1      | Reached XP level 2. HP: 10/27 MP: 1/1
   562 | D:1      | Reached XP level 3. HP: 32/33 MP: 2/2
   904 | D:2      | Reached skill level 3 in Long Blades
  1291 | D:2      | Reached XP level 4. HP: 40/40 MP: 3/3
  1410 | D:2      | You fall through a shaft for 2 floors!
  1482 | D:3      | Noticed a dagger
  1482 | D:3      | Noticed a hand axe
  1483 | D:3      | Found a hide-covered altar of Uskayaw.
  1802 | D:2      | Found a burning altar of Makhleb.
  1810 | D:2      | Reached skill level 4 in Long Blades
  1810 | D:2      | Reached XP level 5. HP: 42/47 MP: 4/4
  2497 | D:4      | Noticed Robin
  2501 | D:4      | Reached skill level 1 in Dodging
  2523 | D:4      | Killed Robin
  2523 | D:4      | Reached skill level 5 in Shields
  2601 | D:4      | Noticed an ogre
  2608 | D:4      | Killed an ogre
  2608 | D:4      | Reached XP level 6. HP: 34/55 MP: 5/5
  2868 | D:4      | Reached skill level 5 in Long Blades
  2973 | D:5      | Entered Level 5 of the Dungeon
  3043 | D:5      | Found Ifeplas's Book Shop.
  3056 | D:5      | Found a shattered altar of Ashenzari.
  3110 | D:5      | Reached skill level 5 in Fighting
  3153 | D:5      | Noticed an orc warrior
  3192 | D:5      | Killed an orc warrior
  3196 | D:5      | Reached XP level 7. HP: 25/61 MP: 6/6
  3385 | D:5      | Found Qeinang's Assorted Antiques.
  3435 | D:5      | Found Qaur's Weapon Boutique.
  3451 | D:5      | Found Lustrudun's Antique Armour Boutique.
  3477 | D:5      | Noticed Sigmund
  3486 | D:5      | Killed Sigmund
  3486 | D:5      | Reached skill level 6 in Long Blades
  3486 | D:5      | Reached skill level 5 in Armour
  3505 | D:5      | Found Gewiqaid's Jewellery Boutique.
  3927 | D:6      | Noticed Peloso's ghost (novice MiFi)
  3937 | D:5      | Reached skill level 7 in Long Blades
  4222 | D:6      | Killed Peloso's ghost
  4222 | D:6      | Reached XP level 8. HP: 34/70 MP: 1/7
  4420 | D:6      | Noticed Pikel
  4484 | D:6      | Killed Pikel
  4484 | D:6      | Reached skill level 8 in Long Blades
  4578 | D:6      | Found a staircase to the Ecumenical Temple.
  4601 | Temple   | Entered the Ecumenical Temple
  4635 | Temple   | Became a worshipper of Warmaster Okawaru
  4762 | D:6      | Found a white marble altar of Elyvilon.
  4782 | D:6      | Reached XP level 9. HP: 74/78 MP: 8/8
  4916 | D:6      | Found a runed door.
  5103 | D:7      | Found a stormy altar of Qazlal.
  5152 | D:6      | Noticed Crazy Yiuf
  5158 | D:6      | Killed Crazy Yiuf
  5345 | D:7      | Reached skill level 9 in Long Blades
  5771 | D:7      | Gained mutation: Your mind is acute. (Int +2) [potion of beneficial mutation]
  6310 | D:7      | Noticed Menkaure
  6315 | D:7      | Killed Menkaure
  6315 | D:7      | Reached * piety under Okawaru
  6540 | D:7      | Reached skill level 10 in Long Blades
  7156 | D:8      | Reached ** piety under Okawaru
  7185 | D:8      | Reached skill level 10 in Shields
  7185 | D:8      | Reached XP level 10. HP: 64/84 MP: 9/9
  7348 | D:8      | Found a staircase to the Lair.
  7363 | D:8      | Reached skill level 11 in Long Blades
  7436 | D:8      | Found an opulent altar of Gozag.
  7493 | D:8      | Reached *** piety under Okawaru
  7549 | D:8      | Found Uqydghes's Magic Scroll Emporium.
  7555 | D:8      | Bought a scroll of identify for 24 gold pieces
  7556 | D:8      | Bought a scroll of identify for 24 gold pieces
  8301 | D:9      | Reached **** piety under Okawaru
  8757 | D:10     | Entered Level 10 of the Dungeon
  8870 | D:10     | Reached skill level 12 in Long Blades
  8881 | D:10     | Noticed a hill giant
  8882 | D:10     | Noticed Nergalle
  8894 | D:10     | HP: 2/88 [Nergalle/bolt of negative energy (38)]
  8894 | D:10     | Demolished by a hill giant

Skill      XL: |  1  2  3  4  5  6  7  8  9 10 |
---------------+-------------------------------+-----
Armour         | 4 6 7 8 9 |  9.0
Shields        | 4 5 6 7 8 10 11 | 11.0
Fighting       | 4 5 6 8 |  8.3
Long Blades    | 3 4 5 7 8 10 12 | 12.0
Dodging        | 1 2 |  2.1
Stealth        | |  0.6

Action                   |  1- 3 |  4- 6 |  7- 9 | 10-12 || total
-------------------------+-------+-------+-------+-------++-------
Melee: Long sword        |    96 |   164 |   165 |    47 ||   472
       Headbutt          |    16 |    38 |    87 |    41 ||   182
       Falchion          |       |    79 |   257 |       ||   336
       Scimitar          |       |       |       |   113 ||   113
  Use: Potion            |       |     2 |     1 |       ||     3
       Scroll            |       |       |    13 |     2 ||    15
  Eat: Chunk             |     1 |     7 |    13 |    10 ||    31
Armor: Scale mail        |    42 |    12 |       |       ||    54
       Plate armour      |       |   145 |   192 |    62 ||   399
Dodge: Dodged            |    34 |    45 |    63 |    30 ||   172
Block: Shield            |    49 |   136 |   226 |    93 ||   504
       Rpst.: Long sword |     8 |     6 |     7 |     2 ||    23
       Falchion          |       |     1 |     9 |       ||    10
       Scimitar          |       |       |       |     6 ||     6
